Map: Dusk Towers

Players

LilDicky

  • Race: Terran Terran
  • League: Diamond

FriedChicken - Winner!

  • Race: Zerg Zerg
  • League: Diamond

VOD

http://www.twitch.tv/tumescentpie

Description

Time

  • Played on: Nov. 23, 2015, 4:25 p.m.
  • Length: 10:44
Show
View Real Time Build Order
Export as new Build Order

LilDicky Terran 

Build Orders: MMM Bio 

Get SALT Encoding   

  12  0:01  SCV  
  13  0:13  SCV  
  14  0:18  Supply Depot  
  14  0:27  Refinery  
  14  0:28  SCV  
  15  0:40  SCV  
  16  0:45  Barracks  
  16  0:52  SCV  
  17  1:04  SCV  
  18  1:16  SCV  
  19  1:28  SCV  
  19  1:32  Reaper  
  21  1:40  Orbital Command  
  21  1:48  Command Center  
  21  2:00  Supply Depot  
  21  2:01  Refinery  
  21  2:04  Reaper  
  21  2:08  SCV  
  23  2:22  SCV  
  24  2:28  Factory  
  24  2:34  SCV  
  25  2:39  Supply Depot  
  25  2:46  SCV  
  26  2:56  Barracks Reactor  
  26  2:58  SCV  
  27  3:00  SCV  
  28  3:22  SCV, Starport  
  28  3:25  Supply Depot  
  28  3:26  Barracks  
  29  3:27  Barracks, Orbital Command  
  29  3:38  Barracks Reactor  
  29  3:39  SCV  
  30  3:41  Hellion  
  30  3:42  Hellion  
  34  3:51  SCV  
  33  4:03  SCV x2  
  33  4:05  Hellion x2  
  39  4:10  Supply Depot  
  39  4:13  Liberator  
  39  4:17  Liberator  
  39  4:18  Barracks Reactor  
  39  4:20  Barracks Tech Lab  
  39  4:24  SCV  
  39  4:25  SCV  
  39  4:26  Hellion  
  39  4:27  Hellion  
  39  4:28  Barracks Tech Lab  
  48  4:36  SCV  
  52  4:48  SCV, Hellion x2, Marine x2  
  59  4:54  Stimpack  
  59  4:55  Combat Shields  
  59  4:57  SCV, Marine x2  
  62  5:06  Marine  
  51  5:21  SCV, Marine  
  52  5:22  Marine x2  
  52  5:24  Widow Mine x2  
  52  5:25  SCV  
  60  5:30  Command Center  
  60  5:34  SCV  
  60  5:35  Starport Tech Lab  
  61  5:38  Barracks  
  61  5:41  SCV  
  62  5:44  Marine x3  
  62  5:45  Marine  
  62  5:46  SCV  
  67  5:52  Widow Mine  
  67  5:53  SCV  
  70  6:08  Widow Mine  
  70  6:09  SCV x2, Marine x2  
  76  6:11  Supply Depot  
  76  6:14  Refinery, Engineering Bay  
  76  6:15  Refinery  
  76  6:17  Marine x2  
  78  6:21  Cloaking Field  
  78  6:32  Supply Depot x2, Marine, Banshee  
  78  6:33  SCV x2, Marine  
  78  6:35  Marine  
  86  6:42  Hellion x2, Marauder  
  86  6:45  SCV x2  
  94  6:50  Orbital Command  
  94  6:51  Armory  
  94  6:57  SCV x2, Marine  
  94  6:58  Marine  
  98  7:06  Marine x2  
  100  7:09  Terran Infantry Weapons Level 1, SCV x2  
  100  7:15  Banshee, Engineering Bay  
  102  7:17  SCV  
  102  7:18  Marine x2  
  102  7:21  SCV x2  
  110  7:24  Marauder, Marine  
  110  7:29  SCV  
  114  7:31  Concussive Shells  
  114  7:36  Marine x3  
  116  7:37  Barracks  
  116  7:39  Barracks  
  116  7:43  Supply Depot  
  117  7:46  SCV, Marine x2  
  117  7:47  Marauder  
  117  7:48  Supply Depot x2  
  117  7:49  Missile Turret  
  122  7:53  Missile Turret x2  
  122  7:56  Supply Depot  
  122  8:01  Supply Depot  
  122  8:16  Marine x2  
  122  8:17  Marauder x2, Marine  
  123  8:27  Marine  
  121  8:34  Marine x3  
  121  8:36  Medivac x2  
  121  8:37  Siege Tank  
  121  8:39  Marauder x2  
  135  8:45  Marine  
  136  8:52  Marine x2  
  138  9:00  Marauder x2  
  129  9:14  Marine x3  
  94  9:17  SCV x2  
  94  9:18  Marine  
  94  9:21  Marauder x2  
  94  9:22  Medivac  
  102  9:30  SCV x2  
  104  9:32  Supply Depot, SCV, Marine x3  
  104  9:34  Barracks Tech Lab x2  
  104  9:36  Marine  
  109  9:42  SCV, Marine  
  109  9:43  Marauder  
  109  9:44  Supply Depot  
  113  9:48  Command Center  
  113  9:50  Marine x3  
  116  9:53  Barracks  
  116  9:54  Marine  
  116  9:55  Barracks  
  116  9:56  Missile Turret x2  
  116  9:57  Refinery  
  117  10:00  Marine  
  117  10:02  Missile Turret  
  117  10:04  Supply Depot, Marine x2  
  117  10:05  Marauder  
  119  10:12  Marine x2  
  91  10:19  Marine, Marauder  
  91  10:20  Marine  
  78  10:22  Marauder, Marine  
  78  10:26  Marine  
Show
View Real Time Build Order
Export as new Build Order

FriedChicken Zerg - Winner!

Build Orders: Hatch First 

Get SALT Encoding   

  12  0:01  Drone  
  13  0:12  Overlord  
  13  0:17  Drone  
  14  0:31  Drone x2  
  14  0:34  Drone  
  17  0:55  Hatchery  
  17  0:56  Drone  
  17  0:59  Extractor  
  16  1:12  Spawning Pool  
  16  1:15  Drone  
  16  1:18  Drone  
  18  1:25  Drone  
  18  1:30  Drone  
  19  1:52  Hatchery  
  18  2:04  Metabolic Boost  
  18  2:08  Queen  
  18  2:11  Zergling x2  
  21  2:20  Queen  
  23  2:23  Drone  
  23  2:26  Drone  
  25  2:31  Overlord  
  25  2:44  Queen  
  25  2:45  Zergling x2  
  28  2:51  Drone  
  28  2:52  Drone  
  28  2:58  Queen  
  30  3:03  Drone x2  
  33  3:21  Overlord  
  33  3:22  Drone  
  33  3:23  Queen  
  33  3:24  Drone x3  
  33  3:26  Zergling x2  
  40  3:34  Zergling x2  
  41  3:35  Overlord  
  41  3:42  Overlord  
  41  3:43  Extractor  
  41  3:48  Drone x3  
  42  4:04  Drone x6  
  42  4:05  Drone x3  
  51  4:12  Drone x3  
  54  4:24  Lair  
  54  4:28  Roach Warren  
  54  4:30  Drone x2, Extractor  
  54  4:32  Drone x2  
  56  4:43  Zergling x14  
  56  4:44  Zergling x2  
  63  4:47  Drone  
  63  4:48  Drone  
  65  4:56  Drone  
  61  5:16  Drone x4  
  61  5:18  Drone  
  66  5:21  Overlord  
  66  5:23  Glial Reconstitution, Extractor  
  66  5:27  Spire  
  64  5:28  Evolution Chamber  
  64  5:29  Evolution Chamber  
  64  5:35  Drone  
  63  5:36  Overlord  
  63  5:44  Overlord  
  63  5:45  Overlord  
  63  5:49  Hatchery  
  61  5:53  Drone x3  
  61  5:55  Drone x5  
  69  5:58  Zerg Ground Armor Level 1  
  69  5:59  Zerg Melee Weapons Level 1  
  69  6:05  Overlord  
  69  6:07  Pneumatized Carapace  
  69  6:09  Roach x5  
  69  6:10  Roach  
  81  6:15  Baneling Nest  
  80  6:28  Roach x3  
  80  6:29  Roach x3  
  80  6:31  Zergling x10  
  97  6:33  Overlord  
  97  6:42  Overlord x2, Extractor x2  
  95  6:48  Corruptor  
  97  6:55  Zerg Flyer Armor Level 1  
  97  6:57  Drone x3  
  97  6:58  Drone x5  
  105  7:07  Overseer  
  105  7:08  Corruptor  
  107  7:19  Drone x3  
  110  7:25  Queen  
  110  7:27  Corruptor  
  110  7:28  Corruptor x2  
  118  7:30  Zergling x8  
  118  7:31  Zergling x2  
  123  7:38  Centrifical Hooks  
  123  7:50  Baneling x3  
  123  7:51  Baneling x5  
  106  8:25  Drone x3  
  107  8:29  Drone x4  
  107  8:30  Drone x2  
  107  8:34  Roach x7  
  117  8:35  Roach x2  
  117  8:39  Overlord x3  
  117  8:40  Overlord  
  127  8:44  Baneling  
  127  8:45  Baneling x6  
  115  9:14  Roach  
  115  9:15  Roach x11  
  129  9:18  Ravager  
  129  9:19  Ravager x7  
  137  9:36  Zergling x10  
  137  9:37  Infestation Pit  
  141  9:44  Zergling x6  
  144  9:57  Zergling x8  
  144  9:58  Zergling x18  
  128  10:24  Roach x11  
Tags
 
Add a new tag
Caveats
  • Supply blocks, unpowered buildings, or Contaminate may cause inaccurate times.
  • Supply counts are checked every 10 seconds.